 Dungeon Crawl Stone Soup version 0.25.1-9-gc5326a611f (webtiles) character file.

Game seed: 4904123767774964301

82 Jawa73 the Grave Robber (level 4, -1/31 HPs)
             Began as a Mummy Necromancer on Sept 15, 2021.
             Slain by an orc
             ... wielding a +0 flail
              (5 damage)
             ... on level 2 of the Dungeon.
             The game lasted 00:11:01 (2854 turns).

Jawa73 the Grave Robber (Mummy Necromancer)         Turns: 2854, Time: 00:11:02

Health: -1/31      AC:  3    Str: 11    XL:     4   Next: 21%
Magic:  4/9        EV: 12    Int: 15    God:
Gold:   59         SH:  0    Dex: 12    Spells: 5/10 levels left

rFire    x . .     SeeInvis .   b - +0 club
rCold    + . .     Gourm    .   (no shield)
rNeg     + + +     Faith    .   a - +1 robe
rPois    ∞         Spirit   .   (no helmet)
rElec    .         Reflect  .   (no cloak)
rCorr    .         Harm     .   (no gloves)
MR       .....                  (no boots)
Stlth    ++........             (no amulet)
HPRegen  0.10/turn              (no ring)
MPRegen  0.11/turn              (no ring)

@: no status effects
A: no food or potions, fire vulnerability, cold resistance 1, negative energy
resistance 3, torment resistance, unbreathing
a: no special abilities


You were on level 2 of the Dungeon.
You were not hungry.

You visited 1 branch of the dungeon, and saw 3 of its levels.

You collected 59 gold pieces.

Inventory:

Hand Weapons
 b - a +0 club (weapon)
Missiles
 g - 8 datura-tipped darts (quivered)
Armour
 a - a +1 robe (worn)
 c - a +0 ring mail
Wands
 d - a wand of paralysis (9)
Scrolls
 e - a scroll of magic mapping
 f - a scroll of identify {unknown}


   Skills:
 * Level 0.8 Fighting
 * Level 0.7 Maces & Flails
 * Level 1.9 Dodging
 - Level 1.5 Stealth
 + Level 3.7 Spellcasting
 + Level 4.8 Necromancy


You had 5 spell levels left.
You knew the following spells:

 Your Spells              Type           Power        Failure   Level  Hunger
a - Pain                  Necr           ###.         2%          1    N/A
b - Animate Skeleton      Necr           N/A          2%          1    N/A
c - Vampiric Draining     Necr           ###.......   8%          3    N/A

Your spell library contained the following spells:

 Spells                   Type           Power        Failure   Level  Hunger
 Animate Dead             Necr           N/A          26%         4    N/A
 Agony                    Necr           ###.....     58%         5    N/A

Dungeon Overview and Level Annotations

Branches:
Dungeon (3/15)

Altars:
Dithmenos
Okawaru


Innate Abilities, Weirdness & Mutations

You do not eat or drink.
Your flesh is vulnerable to fire.
You are immune to poison.
Your flesh is cold resistant. (rC+)
You are immune to negative energy. (rN+++)
You are immune to unholy pain and torment.
You can survive without breathing.


Message History

The orc wizard casts a spell.
The orc wizard flickers and vanishes!
Deactivating autopickup; reactivate with Ctrl-A.
You hit the orc but do no damage.
The orc is heavily wounded.
Something hits you but does no damage. The orc hits you but does no damage.
You hit the orc.
The orc is almost dead.
Something hits you. The orc barely misses you.
Your orc skeleton closely misses the orc.
Something hits you.
* * * LOW HITPOINT WARNING * * *
You closely miss the orc.
The orc is almost dead.
You hear some strange, mumbled words.
A puff of frost appears from out of thin air!
The puff of frost hits you. You resist.
* * * LOW HITPOINT WARNING * * *
The orc hits you with a +0 flail.
You die...

##......................##.......
##.###...####..#.................
##.....................##........
##.###...##......................
...# ##.###.##........#####......
...####..#..###.......# #......
###...)....## ##.....%# #......
#..####.### #.Z....# #.###.#
##.####.#### #@o....# #.# #.#
#.........## #{#..### #.# #.#
#######.#..###.#.## #<# #..
#.##...#...# #.# #.. #.####.>.#.#
##.###.. #.# ###.#.# #..##... #.#
#.#.#######.##.... ####.###
#...#.............
#......######....#.!....##..


You could see an orc and a friendly orc skeleton.

Vanquished Creatures
  2 adders
  A worm (D:2)
  2 leopard geckos
  An orc (D:2)
  4 giant cockroaches (D:1)
  A goblin (D:2)
  9 hobgoblins
  4 jackals (D:1)
  2 quokkas
  A ball python (D:1)
  5 bats
  2 frilled lizards
  4 kobolds
  7 rats
45 creatures vanquished.

Vanquished Creatures (collateral kills)
  An adder (D:3)
  An ooze (D:1)
  2 orcs (D:3)
4 creatures vanquished.

Grand Total: 49 creatures vanquished

Notes
Turn   | Place    | Note
-------+----------+-------------------------------------------
     0 | D:1      | Jawa73 the Mummy Necromancer began the quest for the Orb.
     0 | D:1      | Reached XP level 1. HP: 13/13 MP: 4/4
    48 | D:1      | Learned a level 1 spell: Animate Skeleton
   170 | D:1      | Reached XP level 2. HP: 9/19 MP: 1/5
  1302 | D:2      | Reached XP level 3. HP: 20/25 MP: 2/7
  1431 | D:2      | Learned a level 3 spell: Vampiric Draining
  1645 | D:2      | Found a shadowy altar of Dithmenos.
  2272 | D:3      | Found an iron altar of Okawaru.
  2343 | D:3      | Reached XP level 4. HP: 29/31 MP: 5/9
  2854 | D:2      | Slain by an orc

Illustrated notes

Levels and vault maps discovered:
D:1:      roderic_octagonal_star, layout_basic
D:2:      layout_rooms, nicolae_overflow_crystal_walls
D:3:      layout_rooms, okawaru_gym_becter

Skill      XL: |  1  2 |
---------------+-------+-----
Spellcasting   | 3 |  3.7
Fighting       | |  0.8
Maces & Flails | |  0.7
Dodging        | |  1.9
Stealth        | |  1.5
Necromancy     | |  4.8

Action                   |  1- 3 |  4- 6 || total
-------------------------+-------+-------++-------
Melee: Unarmed           |     5 |       ||     5
       Club              |    25 |    23 ||    48
Throw: Dart              |       |     1 ||     1
 Cast: Pain              |    81 |     6 ||    87
       Animate Skeleton  |     5 |     4 ||     9
       Vampiric Draining |       |     1 ||     1
  Use: Scroll            |     6 |       ||     6
 Stab: Distracted        |     2 |       ||     2
Armor: Robe              |    23 |     7 ||    30
Dodge: Dodged            |    55 |    39 ||    94
